Map: Bel'Shir Vestige LE (Void)

Players

Musumeci - Winner!

  • Race: Zerg Zerg
  • League: Diamond
  • Spawn Location: 5:00

Lume

  • Race: Terran Terran
  • League: Diamond
  • Spawn Location: 11:00

VOD

Have the link to the VOD?

Description

Time

  • Played on: March 25, 2017, 9:25 a.m.
  • Length: 15:01
Show
View Real Time Build Order
Export as new Build Order

Musumeci Zerg - Winner!

Build Orders: Hatch First 

Get SALT Encoding   

  12  0:01  Drone  
  13  0:08  Drone  
  14  0:15  Drone, Extractor  
  15  0:47  Hatchery  
  14  0:50  Extractor  
  14  0:51  Drone  
  15  1:12  Spawning Pool  
  15  1:14  Drone, Extractor  
  14  1:24  Drone, Extractor  
  16  1:26  Overlord  
  16  1:44  Drone x2  
  16  1:46  Extractor  
  17  1:47  Drone  
  18  1:58  Drone  
  18  1:59  Queen  
  18  2:00  Queen  
  23  2:01  Extractor  
  23  2:04  Drone  
  24  2:08  Drone  
  24  2:13  Overlord  
  25  2:20  Drone  
  27  2:27  Drone  
  27  2:28  Extractor  
  27  2:30  Drone  
  27  2:34  Queen  
  30  2:43  Spore Crawler  
  30  2:59  Drone x5  
  30  3:02  Drone  
  36  3:18  Extractor  
  35  3:20  Queen, Extractor  
  35  3:21  Drone, Roach Warren  
  36  3:46  Overlord x3  
  36  4:11  Drone x7  
  36  4:13  Evolution Chamber x2  
  41  4:34  Hatchery  
  40  4:43  Roach x6  
  52  4:48  Lair, Overlord x2  
  52  4:49  Overlord, Extractor  
  52  4:52  Drone, Extractor  
  51  4:54  Overlord  
  51  5:03  Spore Crawler  
  51  5:04  Overlord x2, Spore Crawler  
  49  5:07  Spore Crawler  
  49  5:09  Spore Crawler  
  47  5:14  Roach  
  47  5:17  Roach x3  
  55  5:24  Drone x3  
  55  5:26  Drone  
  57  6:03  Ravager x2  
  57  6:04  Ravager  
  60  6:05  Drone  
  60  6:06  Drone x9  
  70  6:14  Glial Reconstitution  
  70  6:20  Zerg Missile Weapons Level 1  
  70  6:21  Drone x3  
  70  6:22  Drone  
  70  6:23  Drone x3  
  70  6:24  Drone x2  
  79  6:47  Roach x6  
  91  6:55  Drone x5, Extractor x2  
  91  6:58  Drone  
  91  6:59  Drone x3  
  98  7:03  Overlord  
  98  7:04  Overlord x4  
  98  7:22  Zerg Ground Armor Level 1  
  98  7:23  Drone  
  98  7:24  Drone x3  
  98  7:25  Drone  
  98  7:29  Drone x2  
  105  7:31  Drone x2  
  105  7:33  Roach x6  
  119  7:52  Overlord  
  119  7:54  Overlord  
  119  7:55  Overlord  
  119  7:56  Overlord  
  119  7:57  Overlord x2  
  119  7:58  Overlord  
  119  8:02  Roach  
  119  8:03  Roach x5  
  131  8:14  Zerg Missile Weapons Level 2  
  131  8:16  Ravager x2  
  131  8:17  Ravager x7  
  140  8:26  Roach x6  
  141  8:57  Roach x8  
  115  9:21  Roach  
  115  9:22  Roach x10  
  135  9:33  Roach x5  
  145  9:46  Ravager x9  
  145  9:47  Roach x2  
  158  10:03  Hatchery  
  158  10:05  Extractor  
  141  10:07  Extractor  
  124  10:15  Zerg Ground Armor Level 2  
  124  10:25  Roach x11  
  138  10:51  Roach  
  138  10:52  Roach x7  
  146  11:08  Roach  
  146  11:09  Roach x7  
  160  11:20  Drone x3  
  163  11:30  Ravager x5  
  163  11:31  Ravager x4  
  138  11:43  Roach x11  
  141  11:51  Roach x5  
  136  12:07  Roach x3  
  136  12:08  Roach x7  
  156  12:15  Drone  
  156  12:16  Drone x7  
  164  12:28  Roach  
  164  12:29  Roach x8  
  182  12:45  Roach  
  182  12:46  Roach x4, Overlord x3  
  156  13:22  Roach x13  
  156  13:23  Roach x6  
  182  13:37  Roach x9  
  153  14:21  Ravager x11  
  153  14:22  Ravager x6  
  170  14:26  Overlord x3  
Show
View Real Time Build Order
Export as new Build Order

Lume Terran 

Build Orders: Reaper Expand, Bio Tank 

Get SALT Encoding   

  12  0:05  SCV  
  13  0:17  SCV  
  13  0:21  Supply Depot  
  14  0:25  Refinery  
  14  0:29  SCV  
  15  0:42  SCV  
  16  0:47  Barracks  
  16  0:54  SCV  
  17  1:06  SCV  
  18  1:21  SCV  
  19  1:35  Orbital Command, Reaper  
  20  1:49  Command Center  
  20  2:01  SCV  
  21  2:05  Barracks  
  21  2:13  SCV  
  21  2:15  Barracks Reactor  
  22  2:18  Supply Depot  
  22  2:28  SCV  
  23  2:36  Factory  
  23  2:40  SCV  
  24  2:53  SCV  
  24  2:55  Barracks Tech Lab  
  25  3:01  Orbital Command, Marine x2  
  25  3:05  SCV  
  28  3:15  Refinery  
  28  3:16  Stimpack, Marine  
  28  3:17  SCV  
  28  3:19  Marine x2  
  32  3:27  Starport  
  32  3:28  SCV  
  32  3:29  SCV  
  32  3:34  Marine  
  34  3:40  SCV  
  34  3:41  SCV, Marine x2  
  37  3:43  Factory Reactor  
  39  3:52  SCV  
  39  3:53  SCV  
  39  3:54  Marine  
  42  3:59  Marine x2  
  44  4:04  SCV  
  44  4:05  SCV  
  44  4:08  Supply Depot x2  
  46  4:27  SCV  
  46  4:29  Marine x3  
  46  4:30  SCV, Medivac x2  
  46  4:31  Widow Mine, Supply Depot  
  56  4:39  SCV  
  56  4:42  SCV  
  58  4:47  Marine x3  
  58  4:48  Engineering Bay  
  58  4:51  SCV  
  62  4:53  Supply Depot  
  62  4:54  SCV  
  62  4:57  Supply Depot  
  63  5:03  SCV  
  63  5:05  Marine  
  63  5:06  SCV  
  66  5:12  Command Center  
  66  5:15  SCV, Terran Infantry Weapons Level 1  
  66  5:16  Combat Shields  
  66  5:18  SCV  
  66  5:19  Missile Turret  
  66  5:20  Missile Turret  
  68  5:26  Refinery x2, Factory Tech Lab  
  68  5:27  SCV  
  69  5:30  SCV  
  70  5:39  SCV, Marine x3  
  74  5:45  Barracks  
  74  5:46  Barracks  
  68  6:07  Missile Turret, Factory  
  68  6:08  Supply Depot  
  68  6:10  Factory, Marine x3  
  71  6:13  Supply Depot  
  71  6:14  Supply Depot  
  71  6:17  SCV  
  71  6:18  SCV  
  73  6:22  Siege Tank  
  76  6:28  Armory, Marine x3  
  76  6:30  SCV  
  78  6:37  Medivac x2  
  78  6:38  Concussive Shells  
  82  6:40  SCV  
  82  6:42  SCV  
  82  6:46  Marine x2  
  86  6:48  Barracks Reactor  
  86  6:49  Barracks Reactor  
  86  6:52  Missile Turret, SCV  
  86  6:54  SCV  
  88  6:57  Marine, Engineering Bay  
  89  7:01  Supply Depot  
  89  7:03  Marine  
  89  7:04  SCV, Marine  
  89  7:06  SCV  
  89  7:07  Medivac  
  95  7:15  Marine  
  95  7:16  SCV  
  95  7:21  Factory Tech Lab, Marine, Hellbat  
  95  7:22  Marine  
  99  7:23  SCV  
  99  7:28  SCV  
  99  7:29  Marine x2, Supply Depot  
  103  7:33  Marine  
  103  7:35  SCV  
  103  7:36  Terran Infantry Weapons Level 2, Terran Infantry Armor Level 1  
  105  7:37  Marine  
  105  7:39  Marine  
  105  7:40  SCV, Marine  
  105  7:41  Planetary Fortress  
  109  7:45  Marine  
  109  7:47  SCV  
  109  7:50  Marine  
  112  7:51  Factory Tech Lab  
  112  7:53  SCV  
  112  7:54  Marine x2  
  112  7:55  Marine  
  112  7:57  Marine  
  112  7:58  Marine  
  118  7:59  Refinery, SCV  
  118  8:00  Refinery  
  118  8:02  Siege Tank  
  118  8:03  Marine  
  118  8:05  SCV  
  124  8:08  Marine  
  124  8:10  Siege Tank  
  124  8:12  Marine x3  
  129  8:14  SCV  
  129  8:15  Marine x2  
  134  8:20  Marine  
  135  8:30  Marine x2, Siege Tank  
  135  8:31  Marine  
  141  8:35  Command Center  
  141  8:38  Siege Tank  
  136  8:41  Marine x3  
  136  8:42  Marine  
  133  8:50  Siege Tank  
  133  8:55  Marine x3  
  134  8:56  Missile Turret  
  134  8:59  Marine x3  
  134  9:02  Siege Tank  
  133  9:04  Barracks  
  133  9:05  Marine  
  133  9:08  Barracks  
  119  9:13  Marine x3  
  119  9:17  Marine x3  
  113  9:24  Marauder  
  113  9:31  SCV x3, Marine x3  
  117  9:35  Command Center  
  119  9:38  Siege Tank  
  119  9:39  Siege Tank x2  
  119  9:43  SCV x3  
  119  9:44  Terran Infantry Armor Level 2  
  119  9:45  Marauder  
  133  9:54  Marine  
  133  9:55  Marine  
  133  9:56  Barracks Reactor  
  135  10:07  Marauder  
  119  10:09  Marine  
  119  10:11  Siege Tank x3  
  114  10:18  Supply Depot  
  114  10:25  SCV x3  
  114  10:28  Marauder  
  119  10:30  Starport Reactor  
  112  10:37  SCV x3  
  112  10:40  Marine  
  112  10:41  Marine x4  
  119  10:43  Siege Tank x2, Cyclone  
  119  10:45  Command Center  
  119  10:46  Marine  
  129  10:57  Barracks Reactor  
  129  10:59  Command Center  
  128  11:11  Terran Infantry Weapons Level 3, Marine x2, Command Center  
  128  11:12  Marine  
  128  11:15  Siege Tank  
  128  11:18  Siege Tank  
  137  11:29  SCV, Siege Tank  
  137  11:30  SCV  
  138  11:33  SCV  
  123  11:42  SCV  
  112  11:47  Marine x2, Siege Tank  
  112  11:48  Marine, Reaper  
  112  11:49  Marine x3  
  112  11:52  Marine x4  
  101  12:05  Marine x3, Command Center  
  101  12:07  Marine x2  
  101  12:08  Siege Tank x2  
  111  12:11  SCV  
  112  12:20  Siege Tank  
  115  12:39  SCV x3  
  115  12:40  Marine, Siege Tank x2  
  115  12:41  Marine  
  126  12:46  Terran Vehicle And Ship Armor Level 1  
  126  12:52  Siege Tank  
  126  12:58  Marine x3  
  127  12:59  Marine  
  131  13:12  Siege Tank  
  133  13:16  Marine  
  133  13:17  Marine x5  
  119  13:33  Marine, Siege Tank x2  
  126  13:43  Missile Turret  
  112  13:59  Siege Tank  
  107  14:05  Siege Tank  
  97  14:32  Marine  
  97  14:33  Marine x3  
Tags
 
Add a new tag
Caveats
  • Supply blocks, unpowered buildings, or Contaminate may cause inaccurate times.
  • Supply counts are checked every 10 seconds.